 Dungeon Crawl Stone Soup version 0.29-a0-72-g1732ff48e7 (webtiles) character file.

Game seed: 14049646517768272259

366 bande the Covered (level 6, -6/38 HPs)
             Began as a Gargoyle Fighter on Feb 3, 2022.
             Mangled by an ogre (10 damage)
             ... on level 4 of the Dungeon.
             The game lasted 00:05:48 (2757 turns).

bande the Covered (Gargoyle Fighter)                Turns: 2757, Time: 00:05:48

Health: -6/38      AC: 17    Str: 20    XL:     6   Next: 68%
Magic:  6/6        EV:  7    Int:  8    God:
Gold:   145        SH:  4    Dex: 11    Spells: 5/5 levels left

rFire   . . .      SeeInvis .   a - +1 war axe
rCold   . . .      Faith    .   c - +0 buckler
rNeg    + . .      Spirit   .   o - +0 chain mail
rPois   ∞          Reflect  .   l - +0 helmet
rElec   +          Harm     .   (no cloak)
rCorr   .          Rampage  .   g - +0 pair of gloves
Will    .....                   i - +0 pair of boots
Stlth   ..........              j - amulet of regeneration
HPRegen 0.92/turn               (no ring)
MPRegen 0.10/turn               (no ring)

@: no status effects
A: sickness immunity, AC +4, negative energy resistance 1, electricity
resistance, torment resistance 1, petrification resistance
a: no special abilities


You were on level 4 of the Dungeon.
You visited 1 branch of the dungeon, and saw 4 of its levels.

You collected 145 gold pieces.

Inventory:

Hand Weapons
 a - a +1 war axe (weapon)
Armour
 c - a +0 buckler (worn)
 g - a +0 pair of gloves (worn)
 i - a +0 pair of boots (worn)
 l - a +0 helmet (worn)
 o - a +0 chain mail (worn)
Jewellery
 j - an amulet of regeneration (around neck)
Scrolls
 b - a scroll of brand weapon {unknown}
 k - 3 scrolls of identify
 n - 2 scrolls of teleportation
 q - a scroll of enchant weapon
 r - a scroll of blinking {unknown}
 s - a scroll of acquirement {unknown}
 t - a scroll of magic mapping {unknown}
Potions
 d - a potion of might
 e - a potion of curing
 f - 3 potions of ambrosia
 h - 2 potions of magic
 m - a potion of heal wounds
 p - a potion of invisibility


   Skills:
 + Level 4.3 Fighting
 + Level 4.4 Axes
 + Level 4.9 Armour
 - Level 0.2 Dodging
 + Level 4.1 Shields


You had 5 spell levels left.
You didn't know any spells.
Your spell library was empty.

Dungeon Overview and Level Annotations

Branches:
Dungeon (4/15)
 Temple: D:4-7

Altars:
Dithmenos
Qazlal


Innate Abilities, Weirdness & Mutations

You are immune to sickness and miasma.
Your stone body is resilient. (AC +4)
You are immune to poison.
You resist negative energy. (rN+)
You are resistant to electric shocks. (rElec)
You are resistant to unholy torment.
You are immune to petrification.


Message History

The adder bites you but does no damage. x2
You slash the adder!
You kill the adder!
No target in view!
No target in view!
An adder comes into view.
The adder hisses angrily.
An adder is nearby!
An ogre comes into view. It is wielding a +0 giant club.
Found a runed dagger.
The ogre shouts!
You block the adder's attack. The adder bites you.
You miss the adder. The adder barely misses you.
You hit the adder.
The adder is lightly wounded.
The adder bites you but does no damage. x2
You slash the adder!
You kill the adder!
The ogre hits you with a +0 giant club!
You hit the ogre.
The ogre is lightly wounded.
The ogre hits you with a +0 giant club!
You are too injured to fight recklessly!
You are too injured to fight recklessly!
You are too injured to fight recklessly!
You are too injured to fight recklessly!
You are too injured to fight recklessly!
You are too injured to fight recklessly!
You are too injured to fight recklessly!
You are too injured to fight recklessly!
You are too injured to fight recklessly!
You are too injured to fight recklessly!
You hit the ogre.
The ogre is moderately wounded.
The ogre hits you with a +0 giant club!!
* * * LOW HITPOINT WARNING * * *
You hit the ogre.
The ogre is moderately wounded.
The ogre hits you with a +0 giant club!
You die...

........##..##
#.......###..##
##......#
##..##
######..#
##..## ####
##..## ##..##
#### ##..####
##..##
######.$...##
###....#
#.....@.....#
##......#
#.....O......#
#.......#
##...........#
........##
#...........#
.........#
#...........#
.........#
##...........
.........#
#...)......#
.[.....###
##.........#
....####


You could see an ogre.

Vanquished Creatures
  A wyvern (D:4)
  A bullfrog (D:4)
  Jessica (D:3)
  5 adders
  2 worms
  5 dart slugs
  An orc (D:4)
  6 endoplasms
  2 giant cockroaches (D:2)
  8 goblins
  6 hobgoblins
  4 jackals (D:3)
  2 kobolds
  2 quokkas (D:1)
  5 ball pythons
  9 bats
  2 frilled lizards (D:1)
  3 rats (D:1)
65 creatures vanquished.

Vanquished Creatures (others)
  A fungus (D:2)
  A plant (D:2)
2 creatures vanquished.

Grand Total: 67 creatures vanquished

Notes
Turn   | Place    | Note
-------+----------+-------------------------------------------
     0 | D:1      | bande the Gargoyle Fighter began the quest for the Orb.
     0 | D:1      | Reached XP level 1. HP: 14/14 MP: 1/1
   106 | D:1      | Reached XP level 2. HP: 19/19 MP: 2/2
   383 | D:1      | Reached XP level 3. HP: 23/23 MP: 3/3
   882 | D:2      | Reached XP level 4. HP: 28/29 MP: 4/4
  1108 | D:2      | Found a faded altar of an unknown god.
  1575 | D:3      | Noticed Jessica
  1577 | D:3      | Killed Jessica
  1602 | D:3      | Reached XP level 5. HP: 29/33 MP: 5/5
  1693 | D:3      | Found a shadowy altar of Dithmenos.
  1767 | D:3      | Found a stormy altar of Qazlal.
  2396 | D:4      | Noticed a wyvern
  2406 | D:4      | Killed a wyvern
  2407 | D:4      | Reached XP level 6. HP: 22/38 MP: 6/6
  2757 | D:4      | Mangled by an ogre

Illustrated notes

Levels and vault maps discovered:
D:1:      dpeg_arrival_subterranean_lakeside_camping, layout_basic,
          fountainhead, item_on_display_a
D:2:      layout_rooms, shapermc_ecumenical_altar_acropolis
D:3:      layout_basic, nicolae_qazlal_eye_of_the_storm,
          nicolae_dithmenos_through_a_glass_darkly, uniq_jessica
D:4:      layout_cave_pods, temple_statues

Skill      XL: |  1  2  3  4  5 |
---------------+----------------+-----
Axes           | 2 3 4 |  4.4
Armour         | 4 |  4.9
Fighting       | 4 |  4.3
Shields        | 4 |  4.1
Dodging        | |  0.2

Action                   |  1- 3 |  4- 6 || total
-------------------------+-------+-------++-------
Melee: War axe           |    86 |   100 ||   186
  Use: Scroll            |     3 |     5 ||     8
Armor: Scale mail        |    48 |    34 ||    82
       Chain mail        |       |    42 ||    42
Dodge: Dodged            |    49 |    49 ||    98
Block: Buckler           |    13 |    26 ||    39

Table legend: (Time is in decaauts)
 A = Elapsed time spent in this place.
 B = Non-inter-level travel time spent in this place.
 C = Inter-level travel time spent in this place.
 D = Time resting spent in this place.
 E = Time spent auto-exploring this place.
 F = Levels seen in this place.
 G = Mean time per level.
                   A        B        C        D        E       F      G
               +--------+--------+--------+--------+--------+-----+--------+
         Total |   2833 |   2833 |      0 |    217 |   1958 |   4 |  708.2 |
       Dungeon |   2833 |   2833 |      0 |    217 |   1958 |   4 |  708.2 |
               +--------+--------+--------+--------+--------+-----+--------+

Top non-repeatable levels by time:
     D:1: 809 daAuts
     D:3: 750 daAuts
     D:4: 667 daAuts
     D:2: 606 daAuts
